 Dungeon Sprint DCSS version 0.28-a0-941-g140ffa10cf (webtiles) character file.

Game seed: 3023787032671201401

653 Turgor the Unseen (level 7, 0/69 HPs)
             Began as a Kobold Berserker on Nov 29, 2021.
             Was a Priest of Trog.
             Slain by a boulder beetle (14 damage)
             ... in the Dungeon (Sprint II: "The Violet Keep of Menkaure").
             The game lasted 00:04:38 (719 turns).

Turgor the Unseen (Kobold Berserker)                 Turns: 719, Time: 00:04:39

Health: 0/69       AC:  2    Str: 14    XL:     7   Next: 84%
Magic:  11/11      EV: 16    Int:  9    God:    Trog [***...]
Gold:   486        SH:  0    Dex: 16    Spells: 12/12 levels left

rFire   . . .      SeeInvis .   a - +0 short sword
rCold   . . .      Faith    .   (shield restricted)
rNeg    . . .      Spirit   .   b - +0 animal skin
rPois   .          Reflect  .   (no helmet)
rElec   .          Harm     .   (no cloak)
rCorr   .          Rampage  .   (no gloves)
Will    ++...      NoTele   +   (no boots)
Stlth   ..........              (no amulet)
HPRegen 1.21/turn               (no ring)
MPRegen 0.12/turn               (no ring)

@: berserking, strong-willed, regenerating, very quick
A: small, no large weapons, nightstalker 3
a: Renounce Religion, Berserk, Trog's Hand


You were in the Dungeon.
You worshipped Trog.
Trog was most pleased with you.
You visited 1 branch You collected 486 gold pieces.

Inventory:

Hand Weapons
 a - a +0 short sword (weapon)
Armour
 b - a +0 animal skin (worn)
Scrolls
 h - a scroll of blinking
Potions
 c - a potion of curing
 f - 2 potions of magic


   Skills:
 + Level 6.2 Fighting
 * Level 10.0 Short Blades
 + Level 3.2 Armour
 + Level 4.5 Dodging
 + Level 16.6 Stealth
 - Level 3.3 Spellcasting


You had 12 spell levels left.
You didn't know any spells.
Your spell library was empty.

Dungeon Overview and Level Annotations

Branches:
Dungeon (1/1)

Altars:


Innate Abilities, Weirdness & Mutations

You are small and have problems with some larger weapons.
You are completely attuned to the shadows.


Message History

Your Dodging skill gained 2 levels and is now at level 4!
You have reached level 7!
You see here a +0 spear.
You now have 486 gold pieces (gained 243).
There is an open door here.
There is a staircase leading out of the dungeon here.
Your skin crawls.
You feel strong-willed.
You open the door.
A red film seems to cover your vision as you go berserk!
You feel yourself moving faster!
You feel mighty!
You puncture the boulder beetle!
The boulder beetle is lightly wounded.
The boulder beetle bites you!!
The boulder beetle leaps!
You hit the boulder beetle.
The boulder beetle is lightly wounded.
Unknown command.
You puncture the boulder beetle!
The boulder beetle is moderately wounded.
The boulder beetle bites you!! The boulder beetle misses you.
You puncture the boulder beetle!
The boulder beetle is moderately wounded.
You hit the boulder beetle but do no damage.
The boulder beetle is moderately wounded.
You hit the boulder beetle.
The boulder beetle is moderately wounded.
The boulder beetle barely misses you. The boulder beetle bites you!
* * * LOW HITPOINT WARNING * * *
You hit the boulder beetle but do no damage.
The boulder beetle is moderately wounded.
You hit the boulder beetle.
The boulder beetle is moderately wounded.
The boulder beetle misses you. The boulder beetle bites you.
* * * LOW HITPOINT WARNING * * *
You hit the boulder beetle but do no damage.
The boulder beetle is moderately wounded.
You hit the boulder beetle but do no damage.
The boulder beetle is moderately wounded.
The boulder beetle bites you!
You die...

##. .## ..
.. # $#. #.
#B#
...##@####
#÷B<.'.##+
...##.##...#
#. ##'###.##
# ##...####
#.)#..#
##...##
##+##


You could see 2 boulder beetles.

Vanquished Creatures
  A merfolk siren (D)
  4 necrophages (D)
  2 worms (D)
7 creatures vanquished.

Vanquished Creatures (others)
  A water moccasin (D)
1 creature vanquished.

Grand Total: 8 creatures vanquished

Notes
Turn   | Place    | Note
-------+----------+-------------------------------------------
     0 | D        | Turgor the Kobold Berserker began the quest for the Orb.
     0 | D        | Reached XP level 1. HP: 14/14 MP: 1/1
     1 | D        | Noticed a merfolk siren
   283 | D        | Reached skill level 4 in Stealth
   288 | D        | Reached skill level 5 in Stealth
   288 | D        | Reached XP level 2. HP: 19/19 MP: 2/2
   330 | D        | Noticed a boulder beetle
   330 | D        | Noticed a boulder beetle
   333 | D        | Noticed a necrophage
   333 | D        | Noticed a necrophage
   333 | D        | Noticed a necrophage
   333 | D        | Noticed a necrophage
   341 | D        | Killed a necrophage
   341 | D        | Reached ** piety under Trog
   342 | D        | Reached skill level 12 in Stealth
   342 | D        | Reached XP level 3. HP: 23/23 MP: 3/3
   342 | D        | Reached XP level 4. HP: 28/28 MP: 4/4
   346 | D        | Killed a necrophage
   347 | D        | Reached skill level 15 in Stealth
   347 | D        | Reached XP level 5. HP: 32/32 MP: 5/5
   365 | D        | Killed a necrophage
   366 | D        | Reached XP level 6. HP: 19/38 MP: 5/9
   394 | D        | Killed a necrophage
   395 | D        | Reached skill level 5 in Fighting
   395 | D        | Reached skill level 16 in Stealth
   466 | D        | Killed a water moccasin
   699 | D        | Killed a merfolk siren
   699 | D        | Reached *** piety under Trog
   700 | D        | Reached skill level 10 in Short Blades
   700 | D        | Reached XP level 7. HP: 46/46 MP: 11/11
   719 | D        | Slain by a boulder beetle

Illustrated notes

Levels and vault maps discovered:
D:        the_violet_keep_of_menkaure [sprint2_stairs_cluster_1,
          sprint2_shoproom, sprint2_temple, sprint2_basic_supplies,
          sprint2_obstacle_1, sprint2_obstacle_2, sprint2_obstacle_7,
          sprint2_obstacle_5, sprint2_obstacle_4, sprint2_timed_cluster_1,
          sprint2_smallroom_cluster_1, sprint2_smallroom_final_cluster_1,
          sprint2_transparent_cluster_1, sprint2_second_timed_cluster_1,
          sprint2_sniper_area_1, sprint2_heavy_combat_area_1,
          sprint2_mutation_trap_area_1, sprint2_forest_area_1,
          sprint2_light_combat_area_1, sprint2_behind_water_1,
          sprint2_near_end_vault_1]

Skill      XL: |  1  2  3  4  5  6 |
---------------+-------------------+-----
Stealth        | 5 12 15 16 | 16.6
Fighting       | 4 6 |  6.2
Short Blades   | 6 10 | 10.0
Spellcasting   | 2 3 |  3.3
Armour         | 3 |  3.2
Dodging        | 4 |  4.5

Action                   |  1- 3 |  4- 6 |  7- 9 || total
-------------------------+-------+-------+-------++-------
Melee: Short sword       |    13 |    48 |    10 ||    71
Invok: Berserk           |     1 |       |     1 ||     2
       Trog's Hand       |       |       |     1 ||     1
  Use: Potion            |     1 |     2 |       ||     3
 Stab: Sleeping          |     1 |     1 |       ||     2
Armor: Animal skin       |       |     6 |       ||     6
Dodge: Dodged            |     4 |    18 |     3 ||    25

Table legend: (Time is in decaauts)
 A = Elapsed time spent in this place.
 B = Non-inter-level travel time spent in this place.
 C = Inter-level travel time spent in this place.
 D = Time resting spent in this place.
 E = Time spent auto-exploring this place.
 F = Levels seen in this place.
 G = Mean time per level.
                   A        B        C        D        E       F      G
               +--------+--------+--------+--------+--------+-----+--------+
         Total |    699 |    699 |      0 |    597 |      0 |   1 |  699.0 |
       Dungeon |    699 |    699 |      0 |    597 |      0 |   1 |  699.0 |
               +--------+--------+--------+--------+--------+-----+--------+

Top non-repeatable levels by time:
       D: 699 daAuts
